[Event "*** SCC Grand Prix: Titled Tuesday Blitz"]
[Site "Chess.com"]
[Date "2020.10.06"]
[Round "5"]
[White "AlexOstrovskiy"]
[Black "KuzubovYuriy"]
[Result "0-1"]
[WhiteElo "2755"]
[BlackElo "2936"]
[TimeControl "180+1"]
[EndTime "10:57:36 PDT"]
[Termination "KuzubovYuriy won by resignation"]

1. d4 Nf6 2. Bf4 d6 3. Nc3 Nc6 4. Nf3 Bf5 5. d5 Nb8 6. Nd4 Bd7 7. e4 c5 8. dxc6 Nxc6 9. Nxc6 Bxc6 10. Qd3 g6 11.
O-O-O Bg7 12. e5 Nh5 13. Bg3 Nxg3 14. hxg3 Bxe5 15. f4 Bg7 16. g4 Qa5 17. Rh3 Rc8 18.
Kb1 Bxc3 19. Qxc3 Qxc3 20. Rxc3 Bd7 21. Re3 Bxg4 22. Rxd6 Kf8 23. Rd4 h5 24. b3 h4 25.
Kb2 Rh5 26. c4 Rhc5 27. Be2 Bxe2 28. Rxe2 e6 29. Re3 Ke7 30. Rh3 Rh5 31. Rhd3 Rc7 32. Kc3 b6 33. a4 g5 34. fxg5 Rxg5 35. Rxh4 Rxg2 36. Rh7 Rf2 37. Rg3 Rd7 38. Rd3 Rxd3+ 39. Kxd3 Rf3+ 40. Kc2 a5 41. Rh8 Kd6 42. Rb8 Kc7 43.
Re8 Rf5 44. Re7+ Kc6 45. Re8 e5 46. Re7 f6 47. Kc3 Rf3+ 48. Kc2 Rf4 49. Re6+ Kc5 50. Kc3 e4 51. Kc2 f5 52. Kd2 Rf3 53. Kc2 e3 54.
Re5+ Kc6 55. Re6+ Kc7 56. Re5 f4 57. Kd3 Rf2 58. Rf5 e2 59. Kd2 f3 60. Re5 Rf1 0-1

[Event "*** SCC Grand Prix: Titled Tuesday Blitz"]
[Site "Chess.com"]
[Date "2020.10.06"]
[Round "5"]
[White "UCantHandleDenker"]
[Black "KyrgyzFighter"]
[Result "1-0"]
[WhiteElo "2560"]
[BlackElo "2393"]
[TimeControl "180+1"]
[EndTime "10:57:36 PDT"]
[Termination "UCantHandleDenker won by checkmate"]

1. Nf3 f5 2. g3 Nf6 3. Bg2 g6 4. O-O Bg7 5. c4 O-O 6. Nc3 d6 7. d3 e5 8. Rb1 h6 9. b4 g5 10. Nd2 f4 11. b5 Nbd7 12. Nde4 Qe8 13. e3 Nb6 14. Nxf6+ Rxf6 15. Ne4 Rf8 16. a4 Be6 17. c5 dxc5 18. Nxc5 Bd5 19. Bxd5+ Nxd5 20. Qb3 Qf7 21. e4 Nb6 22. Qxf7+ Rxf7 23. a5 Nd7 24. Nxb7 Bf8 25. Bb2 Rb8 26. a6 Rf6 27. Rfc1 fxg3 28. hxg3 Rb6 29.
Rxc7 Nf6 30. Bxe5 Ng4 31. Rg7+ Bxg7 32. Bxb8 Bd4 33. Bxa7 Bxf2+ 34. Kg2 Rf6 35. Bxf2 Rxf2+ 36. Kg1 Rf3 37. a7 Rxg3+ 38. Kf1 Nh2+ 39. Kf2 Rf3+ 40.
Kg2 Rf8 41. Kxh2 Ra8 42. Ra1 Kf7 43. Nd6+ Ke6 44. b6 Kxd6 45. b7 Rf8 46. b8=Q+ Rxb8 47. axb8=Q+ Ke6 48. Qh8 h5 49. Qh6+ Kf7 50. Qxh5+ Kf6 51. Kg3 Ke5 52. Kg4 Kd4 53. Qxg5 Kxd3 54. Qd5+ Kc2 55.
Ra2+ Kc3 56. Qd2+ Kb3 57. Rb2+ Kc4 58. Rb4+ Kc5 59. Qd4+ Kc6 60. Rb6+ Kc7 61. Qd6+ Kc8 62. Rb8# 1-0

[Event "*** SCC Grand Prix: Titled Tuesday Blitz"]
[Site "Chess.com"]
[Date "2020.10.06"]
[Round "5"]
[White "gumimis"]
[Black "Brave_spirit12"]
[Result "0-1"]
[WhiteElo "2259"]
[BlackElo "2486"]
[TimeControl "180+1"]
[EndTime "10:57:37 PDT"]
[Termination "Brave_spirit12 won by checkmate"]

1. e4 e6 2. d4 d5 3. Nc3 Nf6 4. e5 Nfd7 5. f4 c5 6. Nf3 Nc6 7. Be3 Qb6 8. Na4 Qa5+ 9. c3 cxd4 10. b4 Nxb4 11. cxb4 Bxb4+ 12. Bd2 Bxd2+ 13. Nxd2 b6 14. Nb2 Nc5 15. Kf2 Qc3 16. Bb5+ Ke7 17. Rb1 Qe3+ 18. Kf1 Qxf4+ 19. Nf3 a6 20. Be2 Bd7 21. Qxd4 Qxd4 22. Nxd4 Rhc8 23. Nd3 Ne4 24. Rxb6 Rc3 25. g3 Rac8 26.
Kg2 R8c4 27. Nf3 Rc2 28. Re1 Bb5 29. Kf1 Rc7 30. a4 Bxd3 31. Bxd3 Rf2+ 32. Kg1 Rxf3 33. Bxe4 dxe4 34. Rxe4 Ra3 35. Rxa6 Ra2 36. Re1 Rcc2 37.
Ra7+ Ke8 38. Rb1 Rc8 39. a5 Kf8 40. a6 g6 41. Kf1 Kg7 42. Kg1 Rcc2 43. Rf1 Rg2+ 44.
Kh1 Rxh2+ 45. Kg1 Rag2# 0-1

[Event "*** SCC Grand Prix: Titled Tuesday Blitz"]
[Site "Chess.com"]
[Date "2020.10.06"]
[Round "5"]
[White "barriochess"]
[Black "shriyanasmallya"]
[Result "1-0"]
[WhiteElo "2305"]
[BlackElo "1625"]
[TimeControl "180+1"]
[EndTime "10:57:37 PDT"]
[Termination "barriochess won by checkmate"]

1. e4 e5 2. f4 exf4 3. Nf3 Nc6 4. d4 Nge7 5. Bxf4 Ng6 6. Bg3 d6 7. c3 Bg4 8. Nbd2 Be7 9. Bd3 Bxf3 10. Nxf3 Qd7 11.
O-O O-O-O 12. b4 d5 13. e5 f6 14. Qc2 Kb8 15. Bf5 Qe8 16. Rfe1 fxe5 17. Nxe5 Ngxe5 18. Bxe5 Nxe5 19. Rxe5 Qf7 20. Bxh7 Bd6 21. Rf1 Qd7 22. Rh5 Qg4 23. Qg6 Qe2 24. Rh3 Rhf8 25. Qb1 Bf4 26. Kh1 Be3 27. Bd3 Rxf1+ 28. Qxf1 Qxf1+ 29. Bxf1 Rf8 30. Bd3 Bd2 31. Be2 Re8 32. Bf1 a6 33. g4 Re1 34. Kg2 Ra1 35. Rd3 Bh6 36. h4 Rxa2+ 37.
Kf3 Ra1 38. Bg2 g5 39. h5 c6 40. Re3 Ka7 41. Re6 Bf8 42. Rf6 Be7 43. Rf7 Bd8 44. h6 Rc1 45. h7 Rxc3+ 46. Kf2 Rc2+ 47. Ke1 Rxg2 48. h8=Q Rg1+ 49. Kf2 Bb6 50. Kxg1 a5 51. Qc8 axb4 52. Qxb7# 1-0

[Event "*** SCC Grand Prix: Titled Tuesday Blitz"]
[Site "Chess.com"]
[Date "2020.10.06"]
[Round "5"]
[White "GMJustin"]
[Black "vanyakuba"]
[Result "0-1"]
[WhiteElo "2270"]
[BlackElo "2491"]
[TimeControl "180+1"]
[EndTime "10:57:39 PDT"]
[Termination "vanyakuba won on time"]

1. d4 d5 2. c4 e6 3. Nc3 c5 4. cxd5 cxd4 5. Qa4+ Bd7 6. Qxd4 exd5 7. Qxd5 Nc6 8. Nf3 Nf6 9. Qd1 Bc5 10. a3 Qe7 11. Bg5 Be6 12. e3 h6 13. Bxf6 Qxf6 14. Bb5 O-O 15.
O-O Bb6 16. Na4 Bc7 17. Nc5 Bg4 18. Nd7 Bxd7 19. Qxd7 Rac8 20. Bxc6 bxc6 21. Qd4 Qe7 22. Rac1 Rfd8 23. Qc4 Bb6 24. Rfd1 Re8 25. h3 g6 26. Rd2 Qf6 27. Rcd1 Re6 28. b4 Kg7 29. a4 Rce8 30. a5 Bc7 31. Rd7 Bb8 32. Nd4 Re4 33.
Qxc6 Qe5 34. Nf3 Qh5 35. b5 R4e6 36. Qd5 Qxd5 37. R1xd5 Rc8 38. g4 Rc1+ 39. Kg2 Rb1 40. Rb7 Bd6 41. a6 Bb4 42. b6 Ba5 0-1

[Event "*** SCC Grand Prix: Titled Tuesday Blitz"]
[Site "Chess.com"]
[Date "2020.10.06"]
[Round "5"]
[White "shnitez"]
[Black "kidagent"]
[Result "1-0"]
[WhiteElo "2541"]
[BlackElo "2282"]
[TimeControl "180+1"]
[EndTime "10:57:40 PDT"]
[Termination "shnitez won by checkmate"]

1. c4 c6 2. Nf3 d5 3. e3 Nf6 4. Nc3 Bg4 5. Qb3 Qb6 6. Ne5 Be6 7. d4 Nbd7 8. Nxd7 Nxd7 9. cxd5 cxd5 10. Nxd5 Bxd5 11.
Qxd5 e6 12. Qb5 Bb4+ 13. Bd2 Bxd2+ 14. Kxd2 O-O 15. Qxb6 Nxb6 16. Bd3 Rac8 17. Rac1 g6 18. Rxc8 Rxc8 19. Rc1 Rxc1 20. Kxc1 Kf8 21. Kd2 Nd7 22. Kc3 Ke7 23. Kc4 Kd6 24. Be4 Kc7 25. b4 a6 26.
a4 b5+ 27. axb5 Nb6+ 28. Kb3 axb5 29. Bd3 Kc6 30. Kc2 Nc8 31. Kd2 Nd6 32. e4 Kb6 33.
Ke3 Nc8 34. Kf4 f6 35. e5 f5 36. Kg5 Ne7 37. Kf6 Nd5+ 38. Kxe6 Nxb4 39. Bb1 Kc6 40. Kf7 Nd5 41. e6 Kd6 42. Ba2 Ne7 43. f4 b4 44.
Bb3 Nc6 45. d5 Ne7 46. Kg7 h5 47. Kf7 h4 48. h3 Nc8 49. Kxg6 Ne7+ 50. Kf6 Nc8 51.
Kxf5 Ne7+ 52. Kf6 Nc8 53. Kg5 Ke7 54. f5 Nd6 55. f6+ Kf8 56. e7+ Kf7 57. Kxh4 Kxf6 58. g4 Kxe7 59. g5 Kf7 60. Kg4 Kg6 61. h4 Kg7 62. h5 Ne4 63. h6+ Kh8 64. g6 Nc5 65.
g7+ Kh7 66. d6 Nxb3 67. d7 Nc5 68. d8=Q Ne6 69. g8=Q+ Kxh6 70. Qh4# 1-0

[Event "*** SCC Grand Prix: Titled Tuesday Blitz"]
[Site "Chess.com"]
[Date "2020.10.06"]
[Round "5"]
[White "ThePatrick27"]
[Black "garicradomir"]
[Result "1-0"]
[WhiteElo "2548"]
[BlackElo "2335"]
[TimeControl "180+1"]
[EndTime "10:57:42 PDT"]
[Termination "ThePatrick27 won by resignation"]

1. d4 Nf6 2. Nf3 c5 3. d5 g6 4. c4 b5 5. cxb5 a6 6. b6 a5 7. Nc3 Ba6 8. Qb3 Bg7 9. e4 O-O 10. e5 Ng4 11. Bf4 d6 12. h3 Nxe5 13. Nxe5 dxe5 14. Be3 Bxf1 15. Kxf1 Nd7 16. Na4 Rb8 17.
Bd2 c4 18. Qf3 Qc8 19. Be3 Qa6 20. Kg1 f5 21. Qe2 f4 22. Bd2 Nxb6 23. Nxb6 Qxb6 24.
Bc3 f3 25. gxf3 Rf5 26. h4 Rbf8 27. Rh3 Rd8 28. Rd1 Qc5 29. h5 Rxd5 30. Rxd5 Qxd5 31.
hxg6 hxg6 32. Rg3 Kf7 33. Kg2 Rh5 34. Qc2 Qc6 35. Qe4 Qxe4 36. fxe4 Rh4 37. Kf3 Bh6 38. Rg4 Rh3+ 39. Ke2 Kf6 40. f4 Rh2+ 41. Kf1 Rc2 42. Bxe5+ Kf7 43. Rg2 Rc1+ 44. Kf2 Ra1 45. a3 Bf8 46. Kf3 e6 47. Rc2 Rf1+ 48. Ke2 Rh1 49.
Rxc4 Rh2+ 50. Kf3 g5 51. Rc7+ Kg6 52. fxg5 Kxg5 53. Bxh2 Bd6 54. Bxd6 1-0

[Event "*** SCC Grand Prix: Titled Tuesday Blitz"]
[Site "Chess.com"]
[Date "2020.10.06"]
[Round "5"]
[White "ethylalcohol"]
[Black "glebus008"]
[Result "0-1"]
[WhiteElo "2142"]
[BlackElo "2237"]
[TimeControl "180+1"]
[EndTime "10:57:43 PDT"]
[Termination "glebus008 won on time"]

1. d4 d5 2. Bf4 c5 3. e3 Nc6 4. Nf3 Nf6 5. Nbd2 cxd4 6. exd4 Bg4 7. Be2 e6 8. O-O Bd6 9. Bxd6 Qxd6 10. h3 Bh5 11. c3 O-O 12. Re1 Rab8 13. Nf1 Bxf3 14. Bxf3 b5 15. Ne3 Rfc8 16. Rc1 Na5 17. b3 Rc7 18. Qe2 Qb6 19. Ng4 Nxg4 20. Bxg4 Rbc8 21.
Qe3 g6 22. h4 h5 23. Bh3 b4 24. cxb4 Rxc1 25. Rxc1 Rxc1+ 26. Qxc1 Qxb4 27. Qc5 Qe1+ 28.
Kh2 Kg7 29. Qxa7 Nc6 30. Qc5 Nb4 31. Qd6 Nd3 32. Qg3 Nxf2 33. Qe5+ Qxe5+ 34. dxe5 Nd3 35. Kg1 Nc1 36. a4 Nxb3 37. Kf2 Kf8 38. g4 hxg4 39. Bxg4 Ke7 40. h5 gxh5 41. Bxh5 Nc5 42. a5 Nd3+ 43. Ke3 Nxe5 44. a6 Nc6 45. Be2 Kd6 46. Bb5 Na7 47.
Be8 f6 48. Kd3 e5 49. Bg6 Kc5 50. Be8 Kb6 0-1

[Event "*** SCC Grand Prix: Titled Tuesday Blitz"]
[Site "Chess.com"]
[Date "2020.10.06"]
[Round "5"]
[White "Kavyev_Ruslan"]
[Black "emiliocordova"]
[Result "0-1"]
[WhiteElo "2588"]
[BlackElo "2791"]
[TimeControl "180+1"]
[EndTime "10:57:44 PDT"]
[Termination "emiliocordova won by resignation"]

1. d4 Nf6 2. c4 e6 3. g3 c5 4. Nf3 cxd4 5. Nxd4 d5 6. Bg2 e5 7. Nf3 d4 8. O-O Nc6 9. e3 Be7 10. exd4 exd4 11. Re1 Be6 12. Bf4 O-O 13. Ne5 Qb6 14. Qb3 Rac8 15. Nd2 Rfd8 16. Rad1 Bb4 17. Nxc6 bxc6 18.
h3 c5 19. Qc2 Qa6 20. b3 d3 21. Qb1 Qa5 22. Bg5 Rd6 23. Bxf6 Bxd2 24. Be5 Bxe1 25. Bxd6 d2 26. Bf4 Rd8 27. Qc2 h6 28. Kh2 Rd7 29. Bc6 Rd4 30. Be3 Rd6 31. Bd5 Bxd5 32. Bxd2 Be4 33.
Bxa5 Bxc2 34. Rxe1 Ra6 35. Re2 Bb1 36. Bc7 Bxa2 37. Bd6 Bxb3 38. Bxc5 Bxc4 39. Re7 Ra1 40. Rxa7 Rd1 41. g4 Bd5 42. Be3 f6 43. Rd7 Rh1+ 44.
Kg3 Rg1+ 45. Kf4 Be6 46. Re7 Bd5 47. Rd7 Bg2 48. Kg3 Bc6+ 49. Kh2 Rg2+ 50. Kh1 Rxf2+ 51. Kg1 Rg2+ 52. Kf1 Rg3 53. Rd8+ Kh7 54. Bd4 Rxh3 55. Rd6 Bf3 56. Rd7 Kg6 57. Bc5 Bxg4 58. Bf8 Bxd7 0-1

[Event "*** SCC Grand Prix: Titled Tuesday Blitz"]
[Site "Chess.com"]
[Date "2020.10.06"]
[Round "5"]
[White "26andrej26"]
[Black "Jumbo"]
[Result "0-1"]
[WhiteElo "2541"]
[BlackElo "2724"]
[TimeControl "180+1"]
[EndTime "10:57:44 PDT"]
[Termination "Jumbo won on time"]

1. e4 e6 2. d4 d5 3. Nc3 Nf6 4. e5 Nfd7 5. f4 c5 6. Nf3 Nc6 7. Be3 a6 8. Qd2 b5 9. a3 Be7 10. Bd3 b4 11. axb4 Nxb4 12. Be2 O-O 13. O-O a5 14.
Nb5 Ba6 15. c3 Nc6 16. b3 Rb8 17. c4 dxc4 18. bxc4 cxd4 19. Nfxd4 Nxd4 20. Bxd4 Nc5 21. Qe3 Nb3 22. Qxb3 Bxb5 23. cxb5 Qxd4+ 24. Kh1 Bb4 25. Rad1 Qb6 26. f5 Rbc8 27. fxe6 Qxe6 28. Qxe6 fxe6 29. Bg4 Rfe8 30. Rf4 Rb8 31. Be2 Red8 32. Rdf1 Rd5 33. Re4 Rc5 34. Bc4 Re8 35. g3 h5 36. Kg2 Re7 37.
h4 Kh7 38. Bd3 Kh6 39. Be2 Rd5 40. Kh3 Rc7 41. Rf8 Bxf8 42. b6 Rb7 43. Rf4 Be7 44. Rf7 Rxe5 45. Bf3 Rxb6 46. Rf4 Rb3 0-1

[Event "*** SCC Grand Prix: Titled Tuesday Blitz"]
[Site "Chess.com"]
[Date "2020.10.06"]
[Round "5"]
[White "ChainsOfFantasia"]
[Black "Rodalquilar"]
[Result "0-1"]
[WhiteElo "2455"]
[BlackElo "2777"]
[TimeControl "180+1"]
[EndTime "10:57:45 PDT"]
[Termination "Rodalquilar won by resignation"]

1. d4 d5 2. Nf3 Nf6 3. c4 e6 4. g3 Be7 5. Bg2 O-O 6. Nc3 dxc4 7.
Ne5 Qd6 8. Nxc4 Qa6 9. b3 Rd8 10. O-O c5 11. a4 Bd7 12. dxc5 Bc6 13. Qc2 Bxg2 14. Kxg2 Bxc5 15. Bf4 Nc6 16. Nb5 Nb4 17. Qc3 Nfd5 18. Qf3 Qc6 19. Rac1 a6 20. Nc3 Nxf4+ 21. gxf4 Nd5 22. Nxd5 Rxd5 23. Ne5 Qd6 24. e3 f6 25. Nc4 Qd7 26. Rfd1 Rd8 27. Rxd5 exd5 28. Ne5 fxe5 29. Rxc5 e4 30. Qh5 Qd6 31. b4 b6 32. Rc1 g6 33. Qg5 Rf8 34. b5 Rf5 35.
Rc8+ Kf7 36. Qh4 Rh5 37. Qd8 Qxd8 38. Rxd8 axb5 39. axb5 Ke7 40. Rb8 d4 41. Rxb6 d3 42. Kf1 Rxh2 43. Rb7+ Kd6 44. Rb8 Rh1+ 45. Kg2 Rb1 46.
f3 Kc7 47. Rh8 d2 48. Rxh7+ Kb6 49. Rd7 exf3+ 50. Kxf3 d1=Q+ 51. Rxd1 Rxd1 52. e4 Kxb5 53. f5 gxf5 54. exf5 Kc6 55. Kf4 Kd7 56. Ke5 Ke8 57.
Kf6 Kf8 0-1

[Event "*** SCC Grand Prix: Titled Tuesday Blitz"]
[Site "Chess.com"]
[Date "2020.10.06"]
[Round "5"]
[White "chenxiaoyuer"]
[Black "akashcheck"]
[Result "1-0"]
[WhiteElo "2484"]
[BlackElo "2249"]
[TimeControl "180+1"]
[EndTime "10:57:46 PDT"]
[Termination "chenxiaoyuer won by checkmate"]

1. e4 e5 2. Nf3 Nc6 3. Bb5 a6 4. Ba4 Nf6 5. d3 d6 6. c3 g6 7. O-O Bg7 8. Nbd2 O-O 9. Re1 b5 10.
Bc2 Re8 11. d4 exd4 12. cxd4 Nb4 13. Bb1 c5 14. d5 a5 15. a4 Ba6 16. axb5 Bxb5 17.
Ra3 Nd7 18. Nf1 Ne5 19. Nxe5 Bxe5 20. Rh3 c4 21. Ne3 Bg7 22. Ng4 Nd3 23. Bxd3 cxd3 24. Nh6+ Bxh6 25. Bxh6 Rc8 26. Qd2 Rc2 27. Qd1 Qf6 28. Rf3 Qxb2 29. h4 d2 30. Kh2 dxe1=Q 31. Qxe1 Qe5+ 32. Kg1 Qxe4 33. Re3 Qxe3 34. Bxe3 Ra8 35.
Qa1 a4 36. Bh6 f6 37. Qxf6 Rc7 38. Qe6+ Rf7 39. Qe1 a3 40. Qa1 a2 41. f3 Bc4 42.
Kf2 Rb8 43. h5 Rb1 44. Qd4 a1=Q 45. Qxc4 Qb2+ 46. Kg3 Qb8 47. hxg6 Qe8 48. gxf7+ Qxf7 49. Qc8+ Qe8 50. Qxe8# 1-0

[Event "*** SCC Grand Prix: Titled Tuesday Blitz"]
[Site "Chess.com"]
[Date "2020.10.06"]
[Round "5"]
[White "pastouche06"]
[Black "Jabberwockiez"]
[Result "1-0"]
[WhiteElo "2483"]
[BlackElo "2240"]
[TimeControl "180+1"]
[EndTime "10:57:46 PDT"]
[Termination "pastouche06 won by checkmate"]

1. d4 Nf6 2. c4 e6 3. Nc3 Bb4 4. e3 O-O 5. Ne2 c5 6. a3 cxd4 7. exd4 Be7 8. d5 exd5 9. cxd5 d6 10. g3 Bg4 11. Bg2 Re8 12. O-O Bf8 13. h3 Bh5 14. g4 Bg6 15. Nf4 Nbd7 16. b4 Ne5 17.
Be3 Nc4 18. Bd4 h5 19. g5 Ne4 20. Nxg6 Nxc3 21. Bxc3 fxg6 22. h4 Rc8 23. Qd4 Ne5 24. f4 Rc4 25. Qd2 Ng4 26. Rae1 Rxe1 27.
Rxe1 Qb6+ 28. Kh1 Nf2+ 29. Kh2 Ng4+ 30. Kh1 Qc7 31. Rc1 Qf7 32. Bd4 b5 33. Rxc4 bxc4 34. Be4 Qe8 35. Qc2 Qc8 36. Bxg6 c3 37. Bf5 Nf2+ 38.
Bxf2 Qc4 39. Be6+ Kh8 40. Qg6 Qf1+ 41. Bg1 Qh3+ 42. Bh2 Qf1+ 43. Bg1 Qh3+ 44. Bxh3 c2 45. Qxc2 Kg8 46. Qg6 Be7 47. Be6+ Kf8 48. Bd4 Bf6 49. Qf7# 1-0

[Event "*** SCC Grand Prix: Titled Tuesday Blitz"]
[Site "Chess.com"]
[Date "2020.10.06"]
[Round "5"]
[White "Alexsur1981"]
[Black "suyu28"]
[Result "1-0"]
[WhiteElo "2746"]
[BlackElo "2579"]
[TimeControl "180+1"]
[EndTime "10:57:48 PDT"]
[Termination "Alexsur1981 won by resignation"]

1. e4 c6 2. Nc3 d5 3. Qe2 g6 4. exd5 cxd5 5. Qb5+ Nc6 6. Qxd5 Bd7 7. Bc4 e6 8. Qf3 Bg7 9. Qd1 Nf6 10. Nf3 O-O 11. O-O e5 12. d3 a6 13. h3 h6 14. Nd5 Nh5 15. a3 Re8 16. Ba2 Rc8 17.
Be3 Nd4 18. c3 Nxf3+ 19. Qxf3 Bc6 20. Rfe1 Re6 21. Rad1 Rd6 22. c4 Bxd5 23. cxd5 Nf6 24. d4 e4 25. Qf4 Rc2 26. Bc1 Qd7 27. Bb1 Rc8 28. Bxe4 Nxe4 29. Qxe4 Rxd5 30. Be3 Rd8 31. Rd2 f5 32. Qf3 g5 33. g3 Rf8 34. Rd3 Re8 35. Bd2 Rxe1+ 36. Bxe1 Rxd4 37. Rxd4 Bxd4 38. Bd2 Kh7 39. b3 Bf6 40. Be3 Kg6 41. a4 b5 42.
axb5 Qxb5 43. Qd1 Qc6 44. Qd3 Qe6 45. g4 h5 46. gxf5+ Qxf5 47. Qxa6 Qxh3 48. Qc4 Be5 49. Qe4+ Kf6 50. Bxg5+ Kxg5 51. Qxe5+ Kh6 52. Qe3+ Qxe3 53.
fxe3 Kg5 54. b4 Kf5 55. Kg2 Ke4 56. Kh3 Kd5 57. Kh4 Kc4 58. Kxh5 Kxb4 59. Kg5 Kc5 60. Kf5 Kd6 61. e4 Kd7 62. Kf6 Kd6 1-0

[Event "*** SCC Grand Prix: Titled Tuesday Blitz"]
[Site "Chess.com"]
[Date "2020.10.06"]
[Round "5"]
[White "Philosopherrr"]
[Black "xamax2000"]
[Result "0-1"]
[WhiteElo "2475"]
[BlackElo "2665"]
[TimeControl "180+1"]
[EndTime "10:57:49 PDT"]
[Termination "xamax2000 won by resignation"]

1. Nf3 Nf6 2. c4 e6 3. g3 d5 4. Bg2 dxc4 5. O-O Nbd7 6. Na3 Bxa3 7. bxa3 O-O 8. Bb2 c6 9. Qc2 Qb6 10. a4 Qa6 11. Rfc1 Nb6 12. a5 Qxa5 13. a4 Rd8 14. Bc3 Qh5 15. Qa2 Nbd5 16. Qxc4 Nxc3 17. Qxc3 Bd7 18.
Ne5 Qxe2 19. Rab1 Rab8 20. a5 Be8 21. d4 Nd5 22. Bxd5 cxd5 23. Qc5 f6 24. Re1 Qa6 25. Ng4 Bf7 26. Ne3 Rd7 27. h4 b6 28. Qc6 Qc8 29.
Rec1 Qxc6 30. Rxc6 e5 31. axb6 axb6 32. Rbxb6 Rxb6 33.
Rxb6 h5 34. Rb8+ Kh7 35. Rb4 Bg6 36. Kg2 Be4+ 37. f3 Bd3 38. Kf2 Kg6 39. g4 hxg4 40.
Nxg4 Bf5 41. Ne3 Be6 42. Rb6 Kf7 43. Rb4 Rc7 44. Kg3 g6 45. Ng4 Bxg4 46. Kxg4 Rc6 47. Rb7+ Ke6 48. dxe5 fxe5 49. Kg5 d4 50. Kxg6 d3 51.
Rb1 Rc2 52. Rd1 Rg2+ 53. Kh5 d2 54. Kh6 Kf5 55. h5 Kf4 56. Kh7 Kxf3 57. h6 Ke2 58.
Ra1 d1=Q 59. Rxd1 Kxd1 0-1

[Event "*** SCC Grand Prix: Titled Tuesday Blitz"]
[Site "Chess.com"]
[Date "2020.10.06"]
[Round "5"]
[White "BilodeauA"]
[Black "DenisQ"]
[Result "1/2-1/2"]
[WhiteElo "2924"]
[BlackElo "2670"]
[TimeControl "180+1"]
[EndTime "10:57:50 PDT"]
[Termination "Game drawn by repetition"]

1. e4 c6 2. d3 d5 3. Nd2 e5 4.
Ngf3 Bd6 5. Be2 Nf6 6. O-O O-O 7. c3 Re8 8. Re1 a5 9. a4 Na6 10. h3 Nc5 11. Qc2 h6 12. Bf1 dxe4 13. dxe4 Bc7 14. b3 Be6 15. Ba3 Nfd7 16. Bc4 Qf6 17. Bxe6 Nxe6 18. Nf1 Nf4 19. N3h2 Bd6 20. Ng4 Qe7 21.
Bxd6 Qxd6 22. Rad1 Qe7 23. Ng3 Nc5 24. Nf5 Qg5 25.
Kh2 h5 26. Nge3 Rad8 27. Rxd8 Rxd8 28. b4 Ncd3 29. Rd1 axb4 30. cxb4 Nxb4 31. Rxd8+ Qxd8 32. Qb3 Nfd3 33. Qc4 Na6 34. Nd5 cxd5 35. Qxd3 d4 36. Qb5 d3 37. Qxe5 f6 38. Qe6+ Kh7 39. Qb3 d2 40.
Qd1 g6 41. Ne3 Nb4 42. g3 Qd3 43. Nf1 Qxe4 44. Qxd2 Nd3 45. Qe3 Qxe3 46. Nxe3 Nc5 47. a5 Kg7 48. g4 hxg4 49. hxg4 Kf7 50. Kg3 Ke6 51. Kf4 Nb3 52. Nc4 Kd5 53. Ne3+ Ke6 54. Nc4 Kd5 55. Nb6+ Ke6 56. Nc4 1/2-1/2

[Event "*** SCC Grand Prix: Titled Tuesday Blitz"]
[Site "Chess.com"]
[Date "2020.10.06"]
[Round "5"]
[White "nickmatta"]
[Black "ChessicallyInclined"]
[Result "1-0"]
[WhiteElo "2393"]
[BlackElo "2522"]
[TimeControl "180+1"]
[EndTime "10:57:50 PDT"]
[Termination "nickmatta won by checkmate"]

1. d4 Nf6 2. c4 e6 3. Nc3 Bb4 4. Qc2 d5 5. cxd5 Qxd5 6. e3 c5 7. Bd2 Bxc3 8. Bxc3 cxd4 9. Bxd4 Nc6 10. Bc3 O-O 11.
Nf3 Rd8 12. Be2 Qc5 13. O-O Nd5 14. Rac1 Nxc3 15. Qxc3 Qxc3 16. Rxc3 Bd7 17. Rfc1 Rac8 18. Kf1 Kf8 19. Ke1 Ke7 20. Ng5 h6 21. Ne4 Nb4 22.
a3 Nd5 23. Rxc8 Rxc8 24. Rxc8 Bxc8 25. Kd2 e5 26. Bc4 Nb6 27. Bb3 Bd7 28. Nc5 Bc6 29. f3 f5 30. Be6 g6 31. b4 Bb5 32. Bb3 Bf1 33. g3 Bg2 34. f4 exf4 35. exf4 Kf6 36. Ke3 Bc6 37. Kd4 g5 38. a4 Nc8 39. Bd5 Bxd5 40.
Kxd5 b6 41. Nd7+ Ke7 42. Ne5 gxf4 43. Ng6+ Kf6 44. Nxf4 a5 45. b5 Ke7 46. Kc6 Kd8 47. Nd5 h5 48. Nxb6 Ne7+ 49. Kd6 h4 50. Nd5 hxg3 51.
hxg3 Ng6 52. b6 Kc8 53. Ne7+ Nxe7 54. Kxe7 Kb7 55. Kf6 Kxb6 56. Kxf5 Kc5 57. g4 Kb4 58. g5 Kxa4 59. g6 Kb3 60. g7 a4 61. g8=Q+ Kb2 62.
Qb8+ Kc2 63. Qc7+ Kb3 64. Qb6+ Ka3 65. Ke4 Ka2 66. Kd3 a3 67. Kc2 Ka1 68. Qb1# 1-0

[Event "*** SCC Grand Prix: Titled Tuesday Blitz"]
[Site "Chess.com"]
[Date "2020.10.06"]
[Round "5"]
[White "Vamostodorecto"]
[Black "Kaponov"]
[Result "1-0"]
[WhiteElo "2363"]
[BlackElo "2185"]
[TimeControl "180+1"]
[EndTime "10:57:52 PDT"]
[Termination "Vamostodorecto won by resignation"]

1. d4 Nf6 2. c4 e6 3. Nc3 Bb4 4. Nf3 O-O 5. Bg5 h6 6. Bh4 g5 7. Nxg5 hxg5 8. Bxg5 Be7 9. e4 Nh7 10. Be3 e5 11. d5 Bg5 12. Qh5 Bxe3 13. fxe3 Qg5 14.
Qf3 d6 15. Bd3 Na6 16. O-O Nc5 17. Bc2 a5 18. Rf2 Bd7 19. Raf1 f6 20. Qe2 Rf7 21. Qe1 Rg7 22. Ne2 Qxe3 23. Kh1 Rf8 24. Rf3 Qg5 25. Rg3 Qh6 26. Rxg7+ Qxg7 27. Qxa5 b6 28. Qe1 Ng5 29. Ng3 Qh6 30. b4 Nb7 31. Qd1 Kh8 32. Ba4 Bc8 33.
Bc6 Nd8 34. Qa4 Rf7 35. Qa8 Rh7 36. Kg1 Qxh2+ 37. Kf2 Qh4 38. Qxc8 Nxe4+ 39. Ke3 Qxg3+ 40. Rf3 Qg5+ 41. Kd3 Qg8 42. Kxe4 f5+ 43. Qxf5 Rh4+ 44.
Ke3 Rf4 45. Rxf4 Qh7 46. Qxh7+ Kxh7 47. Rh4+ Kg6 48. Rg4+ Kf5 49. Rg3 Nf7 50. Rf3+ Kg5 51. Rxf7 Kg6 52. Rxc7 1-0

[Event "*** SCC Grand Prix: Titled Tuesday Blitz"]
[Site "Chess.com"]
[Date "2020.10.06"]
[Round "5"]
[White "teacher4chess"]
[Black "WildTricks"]
[Result "0-1"]
[WhiteElo "2001"]
[BlackElo "2437"]
[TimeControl "180+1"]
[EndTime "10:57:52 PDT"]
[Termination "WildTricks won on time"]

1. d4 Nf6 2. Nf3 e6 3. c4 b6 4.
a3 Bb7 5. Nc3 d5 6. cxd5 Nxd5 7.
Bg5 Be7 8. Bxe7 Qxe7 9. Rc1 O-O 10. e3 Rd8 11. Bd3 c5 12. O-O Nc6 13. Qc2 cxd4 14.
Bxh7+ Kh8 15. exd4 Nf4 16. Be4 f5 17. Bxc6 Bxc6 18.
Ne5 Qb7 19. f3 Rxd4 20. Qf2 Rad8 21. Nxc6 Qxc6 22. Ne4 Qxc1 23. Rxc1 Rd1+ 24. Qe1 Rxe1+ 25. Rxe1 fxe4 26. Rxe4 g5 27. g3 Rd1+ 28. Kf2 Nd3+ 29. Ke2 Nxb2 30. Rxe6 Rd5 31. Re8+ Kg7 32. Re7+ Kf6 33.
Rxa7 Ra5 34. Rb7 Nc4 35. Kd3 Ne5+ 36. Ke4 Ra6 37. f4 gxf4 38. gxf4 Nf7 39. Kd5 Ra5+ 40. Kd4 Ra4+ 41. Kd5 Ra5+ 42. Kd4 Ra6 43. Kd5 Nh6 44. Kc6 Rxa3 45. Rxb6 Rh3 46. Kd7+ Kf5 0-1

[Event "*** SCC Grand Prix: Titled Tuesday Blitz"]
[Site "Chess.com"]
[Date "2020.10.06"]
[Round "5"]
[White "sorito"]
[Black "nrvisakh"]
[Result "0-1"]
[WhiteElo "2458"]
[BlackElo "2768"]
[TimeControl "180+1"]
[EndTime "10:57:53 PDT"]
[Termination "nrvisakh won by resignation"]

1. Nf3 Nf6 2. g3 g6 3. Bg2 Bg7 4. O-O O-O 5. d4 d6 6. a4 a5 7. Nc3 c6 8. e4 Na6 9. Re1 Nb4 10.
h3 Nd7 11. b3 c5 12. Bb2 cxd4 13. Nxd4 Bxd4 14. Qxd4 Nxc2 15. Qd2 Nxa1 16. Bxa1 Nc5 17. Rb1 Be6 18. Nb5 f6 19. Nd4 Bf7 20. h4 e5 21.
Nb5 Nxb3 22. Qh6 Nc5 23. Rd1 Ra6 24. Bb2 Bb3 25. Rd2 Bxa4 26. Nc3 Bc6 27. h5 g5 28. Bf1 Rb6 29. Bc4+ Kh8 30. Ba3 Qe7 31. f3 Rb4 32. Bxb4 axb4 33. Nd5 Bxd5 34. Bxd5 Qg7 35. Qxg7+ Kxg7 36. Rb2 b3 37. Bxb3 Nxb3 38. Rxb3 Rb8 39.
Rb6 Kf7 40. Rxd6 b5 41. Rd7+ Ke6 42. Rxh7 b4 43. Rc7 b3 44. Rc1 Kd6 45. Kg2 b2 46. Rb1 Ke6 47. Kh3 f5 48. exf5+ Kxf5 49. g4+ Kf4 50. Kg2 Ke3 51. h6 Kd3 52. Kf2 Kc2 53.
Rxb2+ Kxb2 54. Ke3 Rh8 55. Ke4 Rxh6 56. Kf5 Rh8 57.
Kxg5 Rf8 58. Kh6 Rxf3 59. g5 e4 60. g6 e3 0-1